 Dungeon Crawl Stone Soup version 0.30.1-4-g462c640d31 (webtiles) character file.

Game seed: 16513815753338727017

340 booth the Chopper (level 6, -3/53 HPs)
             Began as a Draconian Monk on Aug 16, 2023.
             Slain by a gnoll
             ... wielding a +2 spear of flaming
              (4 damage)
             ... on level 5 of the Dungeon.
             The game lasted 00:16:08 (2864 turns).

booth the Chopper (Draconian Monk)                  Turns: 2864, Time: 00:16:09

Health: -3/53      AC:  6    Str: 16    XL:     6   Next: 30%
Magic:  7/7        EV: 13    Int: 10    God:
Gold:   255        SH:  0    Dex: 13    Spells: 5/5 levels left

rFire   . . .        a - +1 hand axe
rCold   . . .        c - orb {light}
rNeg    . . .        (body armour unavailable)
rPois   .            (helmet restricted)
rElec   .            (no cloak)
rCorr   .            (no gloves)
SInv    .            (no boots)
Will    .....        (no amulet)
Stlth   +            (no ring)
HPRegen 0.28/turn    (no ring)
MPRegen 0.10/turn

%: no passive effects
@: glowing
A: AC +6, unfitting armour, cold-blooded
a: no special abilities


You were on level 5 of the Dungeon.
You visited 1 branch of the dungeon, and saw 4 of its levels.

You collected 255 gold pieces.

Inventory:

Hand Weapons
 a - a +1 hand axe (weapon)
 j - a +3 mace of protection
Missiles
 g - 4 boomerangs (quivered)
Armour
 c - an orb of light (worn)
Scrolls
 e - a scroll of magic mapping
 f - 2 scrolls of teleportation
 k - a scroll of amnesia
 l - a scroll of identify
Potions
 b - a potion of ambrosia
 d - a potion of attraction
 h - a potion of brilliance
 i - a potion of flight


   Skills:
 + Level 4.4 Fighting
 * Level 4.9(5.1) Axes
 + Level 2.0(3.7) Maces & Flails
 + Level 3.5 Dodging
 + Level 2.5 Invocations


You had 5 spell levels left.
You didn't know any spells.
Your spell library contained the following spells:

 Spells                   Type           Power      Damage    Failure   Level
 Sandblast                Erth           0%         2d4       36%         1
 Passwall                 Tmut/Erth      0%         N/A       50%         2
 Stone Arrow              Conj/Erth      0%         3d7       75%         3


Dungeon Overview and Level Annotations

Branches:
Dungeon (3/15)

Altars:
Kikubaaqudgha
Wu Jian

Shops:
D:1 *


Innate Abilities, Weirdness & Mutations

Your plain brown scales are hard. (AC +6)
You cannot fit into any form of body armour.
You are cold-blooded and may be slowed by cold attacks.


Message History

You hit the gnoll.
The gnoll is heavily wounded.
The gnoll hits you from afar with a +2 spear of flaming.
The gnoll burns you. The gnoll hits you with a +0 whip.
You hit the gnoll but do no damage.
The gnoll is heavily wounded.
The gnoll barely misses you. The gnoll hits you with a +0 whip.
You hit the gnoll.
Your tail-slap misses the gnoll.
The gnoll is severely wounded.
The gnoll closely misses you. The gnoll hits you with a +0 whip.
You slash the gnoll!
You kill the gnoll!
The gnoll hits you from afar with a +2 spear of flaming.
The gnoll burns you. The gnoll misses you.
Things that are here:
a +0 whip; a gnoll corpse You hit the gnoll but do no damage.
You tail-slap the gnoll.
The gnoll is lightly wounded.
The gnoll hits you with a +2 spear of flaming.
* * * LOW HITPOINT WARNING * * *
The gnoll burns you.
* * * LOW HITPOINT WARNING * * *
The gnoll hits you with a +2 spear of flaming.
* * * LOW HITPOINT WARNING * * *
The gnoll burns you.
* * * LOW HITPOINT WARNING * * *
Throw: 4 boomerangs
Press: ? - help, Q - select action Shift-Dir - straight line, f - gnoll
Aim: a gnoll, wielding a +2 spear of flaming (lightly wounded, haloed, 82% to hit)
You throw a boomerang. The boomerang hits the gnoll.
The gnoll is moderately wounded.
The gnoll hits you with a +2 spear of flaming.
* * * LOW HITPOINT WARNING * * *
The gnoll burns you.
* * * LOW HITPOINT WARNING * * *
You barely miss the gnoll.
The gnoll is moderately wounded.
The gnoll hits you with a +2 spear of flaming.
You die...

##.##.#............#######.#.#
##.##.#...#####.#......>......
......##.###...###..)..g......
##............# ##.####.<....
########.#####.###.## .....
...# #.# #.#.######......
##.## #.# #.....g......g.#
#...####.# ##g########.. .#
.........# #@# # #...######
#.# ##.## #.# #.# #.# #.# #.#
#)# #.# #.# #.# #.# ..#
##.####.# ###


You could see a gnoll.

Vanquished Creatures
  An ogre (D:5)
  An orc priest (D:5)
  An iguana (D:5)
  2 orc wizards
  3 gnolls (D:5)
  2 adders (D:3)
  An ufetubus (D:5)
  2 worms
  4 dart slugs
  8 orcs
  4 endoplasms
  3 giant cockroaches
  7 goblins
  9 hobgoblins
  5 kobolds (D:1)
  3 quokkas
  3 ball pythons (D:2)
  10 bats
  4 frilled lizards
  8 rats
81 creatures vanquished.

Notes
Turn   | Place    | Note
-------+----------+-------------------------------------------
     0 | D:1      | booth the Draconian Monk began the quest for the Orb.
     0 | D:1      | Reached XP level 1. HP: 19/19 MP: 1/1
    68 | D:1      | Found Uxomm's General Store.
   208 | D:1      | Reached XP level 2. HP: 25/26 MP: 2/2
   683 | D:2      | Reached XP level 3. HP: 28/31 MP: 3/3
   933 | D:2      | Reached skill level 1 in Invocations
   969 | D:2      | Found an ancient bone altar of Kikubaaqudgha.
  1416 | D:2      | Found a faded altar of an unknown god.
  1622 | D:2      | Reached XP level 4. HP: 16/40 MP: 4/4
  1643 | D:2      | Reached skill level 1 in Maces & Flails
  2152 | D:3      | Found an ornate altar of the Wu Jian Council.
  2388 | D:3      | You fall into a shaft and drop 2 floors!
  2388 | D:5      | Entered Level 5 of the Dungeon
  2472 | D:5      | Noticed an ogre
  2485 | D:5      | Killed an ogre
  2486 | D:5      | Reached XP level 5. HP: 36/46 MP: 6/6
  2553 | D:5      | Reached XP level 6. HP: 29/52 MP: 7/7
  2863 | D:5      | HP: 2/53 [gnoll/+2 spear of flaming (4)]
  2864 | D:5      | Slain by a gnoll

Illustrated notes

Levels and vault maps discovered:
D:1:      eino_arrival_tree_alley, layout_rooms, serial_shops, shop,
          amcnicky_mini_corridor_feature
D:2:      layout_loops_corners, dreamdust_ecumenical_altar_grove, basic_altar,
          minmay_diced_spiral
D:3:      layout_basic, nzn_wu_jian_council_hall, nicolae_wormholes
D:5:      layout_loops_ring, mainiacjoe_overflow_boulevard, uniq_sigmund

Skill      XL: |  1  2  3  4  5  6 |
---------------+-------------------+-----
Invocations    | 1 2 |  2.5
Dodging        | 3 |  3.5
Axes           | 4 |  4.9
Maces & Flails | 1 2 |  2.0
Fighting       | 4 |  4.4

Action                     |  1- 3 |  4- 6 || total
---------------------------+-------+-------++-------
  Melee: Hand axe          |   133 |   102 ||   235
         Tailslap          |    18 |    13 ||    31
  Throw: Boomerang         |       |     3 ||     3
    Use: Scroll            |     1 |     7 ||     8
         Potion            |       |     2 ||     2
 Armour: Skin              |    35 |    20 ||    55
  Dodge: Dodged            |    87 |    52 ||   139
